[Event "FIDE World Cup O12-A 2024"]
[Site "Batumi"]
[Date "2024.06.23"]
[Round "1.1"]
[White "Guo, Ethan"]
[Black "Yerzhanuly Yernur"]
[Result "0-1"]
[ECO "C06"]
[WhiteElo "2136"]
[BlackElo "1810"]
[Annotator "NA RC"]
[PlyCount "68"]
[EventDate "2024.06.23"]
[EventType "swiss"]
[EventCountry "GEO"]
[SourceTitle "playchess.com"]
[Source "ChessBase"]
[SourceQuality "1"]
[TimeControl "5400+30"]

1. e4 e6 2. d4 d5 3. Nd2 Nf6 4. e5 Nfd7 5. Bd3 c5 6. c3 Nc6 7. Ngf3 g6 8. O-O Bg7 9. Re1 O-O 10. Nf1 cxd4 11. cxd4 Qb6 12. Bc2 f6 13. exf6 Nxf6 14. Rb1 Bd7 15. h3 Nb4 16. Bb3 Bb5 17. Ne5 Ne4 18. Be3 Nxf2 19. Bxf2 Rxf2 20. Kxf2 Bxe5 21. Rxe5 Nd3+ 22. Kg1 Nxe5 23. Ne3 Bd3 24. Nc2 Bxc2 25. Bxc2 Nc6 26. Kh1 Nxd4 27. Bd3 Rf8 28. Qg4 e5 29. Qd7 Qc6 30. Qe7 e4 31. Qe5 Nf5 32. Bf1 Qd6 33. Qc3 Ng3+ 34. Kg1 Rxf1+ 0-1

[Event "FIDE World Cup O12-A 2024"]
[Site "Batumi"]
[Date "2024.06.23"]
[Round "1.2"]
[White "Sobirov, Afruzbek"]
[Black "Syed Abdul Khader"]
[Result "1/2-1/2"]
[ECO "D00"]
[WhiteElo "1789"]
[BlackElo "2050"]
[Annotator "NA RC"]
[PlyCount "86"]
[EventDate "2024.06.23"]
[EventType "swiss"]
[EventCountry "GEO"]
[SourceTitle "playchess.com"]
[Source "ChessBase"]
[SourceQuality "1"]
[TimeControl "5400+30"]

1. d4 Nf6 2. Nc3 d5 3. Bf4 c5 4. e4 Nxe4 5. Nxe4 dxe4 6. dxc5 Nd7 7. b4 e5 8. Bd2 a5 9. a3 Be7 10. Bc4 O-O 11. Ne2 Nf6 12. Bg5 Qc7 13. Nc3 Rd8 14. Qb1 Bf5 15. O-O Nh5 16. Nb5 Qd7 17. Bxe7 Qxe7 18. Nd6 Be6 19. Qb3 Nf4 20. Bxe6 fxe6 21. Qe3 Qh4 22. Kh1 Nd5 23. Qxe4 Qxe4 24. Nxe4 axb4 25. axb4 Nxb4 26. c3 Nd3 27. g3 Rac8 28. Rfd1 Rd5 29. Ra5 b6 30. Ra3 Nxc5 31. Re1 Nxe4 32. Rxe4 Rd2 33. Kg1 Rf8 34. Ra7 Rf5 35. g4 Rfxf2 36. Rc4 h5 37. gxh5 Rfe2 38. Kf1 Rxh2 39. Kg1 Rxh5 40. Rg4 e4 41. Rgxg7+ Kh8 42. Rge7 Rd8 43. Rxe6 Rh7 1/2-1/2

[Event "FIDE World Cup O12-A 2024"]
[Site "Batumi"]
[Date "2024.06.23"]
[Round "1.3"]
[White "Wang, Ted"]
[Black "Kozhedub, Ivan"]
[Result "1-0"]
[ECO "A08"]
[WhiteElo "2034"]
[BlackElo "1778"]
[Annotator "NA RC"]
[PlyCount "181"]
[EventDate "2024.06.23"]
[EventType "swiss"]
[EventCountry "GEO"]
[SourceTitle "playchess.com"]
[Source "ChessBase"]
[SourceQuality "1"]
[TimeControl "5400+30"]

1. e4 c5 2. Nf3 g6 3. d3 Bg7 4. g3 Nc6 5. Bg2 e6 6. O-O Nge7 7. Re1 O-O 8. Nbd2 d5 9. e5 f6 10. exf6 Bxf6 11. Nf1 Nf5 12. h4 Bg7 13. c3 Qb6 14. N1h2 e5 15. h5 Bd7 16. Ng5 Nfe7 17. hxg6 hxg6 18. Qe2 Rad8 19. Ng4 Bf5 20. Ne3 Bc8 21. a4 Na5 22. c4 Nb3 23. Rb1 Nd4 24. Qf1 Bh6 25. Nxd5 Nxd5 26. cxd5 Bg4 27. Re4 Bf5 28. Rh4 Bg7 29. g4 Bd7 30. Be4 Rf4 31. Bxf4 exf4 32. Nf3 Qf6 33. Qh3 Nxf3+ 34. Bxf3 Bxa4 35. Re1 Re8 36. Be4 Re5 37. Ra1 b5 38. Kg2 Rg5 39. Rh1 Qxb2 40. d6 b4 41. Rh7 Bd7 42. Bf3 Qd4 43. Rh8+ Kf7 44. Qh7 Qxd6 45. Qg8+ Kf6 46. Qd8+ Qe7 47. Qxe7+ Kxe7 48. R1h7 Kf7 49. Ra8 Re5 50. Rxa7 Re7 51. Rb7 Kg8 52. Rh1 Bd4 53. Be4 Kf8 54. f3 Be8 55. Rb8 Kg7 56. Ra8 Bf7 57. Ra6 Bf6 58. Kf2 Bd4+ 59. Ke2 Rc7 60. Kd2 Bc3+ 61. Kc2 Bf6 62. Kb1 Bd4 63. Ra8 Kf6 64. Rc1 Be3 65. Rh1 Bd4 66. Ra6+ Kg7 67. Rh2 Re7 68. Rh4 Bf2 69. Rh1 Be3 70. Ra5 Bd4 71. Rc1 Rc7 72. Ra8 Kf6 73. Rh1 Re7 74. Ra5 Be3 75. Rh2 Bd4 76. Rc2 Rc7 77. Ra4 Re7 78. Ra6+ Kg5 79. Rh2 Rc7 80. Rh1 Re7 81. Rh3 Rc7 82. Ra8 Bc3 83. Ra5 Bd4 84. Rh1 Kf6 85. Ra8 Kg5 86. Ra6 Be3 87. Rh8 c4 88. dxc4 Rxc4 89. Rh7 Rc7 90. Rh8 Bc4 91. Rxg6# 1-0

[Event "FIDE World Cup O12-A 2024"]
[Site "Batumi"]
[Date "2024.06.23"]
[Round "1.4"]
[White "Haresh, Venkata Narayanaswam"]
[Black "Obidov, Biloliddin"]
[Result "0-1"]
[ECO "B12"]
[WhiteElo "1728"]
[BlackElo "1998"]
[Annotator "NA RC"]
[PlyCount "64"]
[EventDate "2024.06.23"]
[EventType "swiss"]
[EventCountry "GEO"]
[SourceTitle "playchess.com"]
[Source "ChessBase"]
[SourceQuality "1"]
[TimeControl "5400+30"]

1. e4 c6 2. d4 d5 3. e5 Bf5 4. Nf3 e6 5. Be2 c5 6. O-O Nc6 7. Be3 cxd4 8. Nxd4 Nxd4 9. Qxd4 a6 10. c4 Ne7 11. Rd1 Qc8 12. Na3 Nc6 13. Qf4 d4 14. Bxd4 Nxd4 15. Qxd4 Bc5 16. Qc3 O-O 17. Rac1 Qc7 18. b4 Be7 19. c5 Bg5 20. Ra1 b6 21. Bf3 Rac8 22. c6 b5 23. Nc2 Bf4 24. Re1 f6 25. exf6 Bxh2+ 26. Kh1 Rxf6 27. g4 Bxc2 28. Rxe6 Rxe6 29. Bd5 Be4+ 30. Bxe4 Rxe4 31. f3 Be5 32. Qd3 Bxa1 0-1

[Event "FIDE World Cup O12-A 2024"]
[Site "Batumi"]
[Date "2024.06.23"]
[Round "1.5"]
[White "Yang, Maxwell"]
[Black "Kristesiashvili, Andria"]
[Result "0-1"]
[ECO "E48"]
[WhiteElo "1979"]
[BlackElo "1728"]
[Annotator "NA RC"]
[PlyCount "108"]
[EventDate "2024.06.23"]
[EventType "swiss"]
[EventCountry "GEO"]
[SourceTitle "playchess.com"]
[Source "ChessBase"]
[SourceQuality "1"]
[TimeControl "5400+30"]

1. d4 Nf6 2. c4 e6 3. Nc3 Bb4 4. e3 O-O 5. Bd3 d5 6. cxd5 exd5 7. a3 Bd6 8. Qc2 a6 9. Nf3 Nbd7 10. O-O Re8 11. h3 Nf8 12. Bd2 Bd7 13. Rae1 Qc8 14. Nh2 Ng6 15. f4 c5 16. Nf3 c4 17. Bxg6 hxg6 18. Ne5 Bf5 19. Qd1 b5 20. Qf3 Ne4 21. Rd1 Nxc3 22. Bxc3 Be4 23. Qg3 a5 24. Qe1 Qc7 25. Rc1 f6 26. Ng4 Qb6 27. Nf2 Bf5 28. Nd1 b4 29. axb4 axb4 30. Bd2 Ra2 31. Rf2 c3 32. bxc3 b3 33. c4 b2 34. Nxb2 Qxb2 35. Ba5 Qxf2+ 36. Qxf2 Rxf2 37. Kxf2 dxc4 38. Rxc4 Ra8 39. Bb6 Ra2+ 40. Kf3 Be6 41. Rc3 Bb4 42. Rc1 Bd5+ 43. e4 Ra3+ 44. Kf2 Bxe4 45. Rc8+ Kh7 46. Bc5 Rc3 47. Re8 Bxc5 48. Rxe4 f5 49. Re6 Bxd4+ 50. Ke2 Rg3 51. Kf1 Be3 52. Ra6 Bxf4 53. Ra4 Be5 54. Rh4+ Kg8 0-1

[Event "FIDE World Cup O12-A 2024"]
[Site "Batumi"]
[Date "2024.06.23"]
[Round "1.6"]
[White "Lee, Daniel Joshua"]
[Black "Siddhanth Poonja"]
[Result "0-1"]
[ECO "B36"]
[WhiteElo "1717"]
[BlackElo "1958"]
[Annotator "NA RC"]
[PlyCount "74"]
[EventDate "2024.06.23"]
[EventType "swiss"]
[EventCountry "GEO"]
[SourceTitle "playchess.com"]
[Source "ChessBase"]
[SourceQuality "1"]
[TimeControl "5400+30"]

1. e4 c5 2. Nf3 g6 3. c4 Nc6 4. d4 cxd4 5. Nxd4 Nf6 6. Nc3 d6 7. Be2 Nxd4 8. Qxd4 Bg7 9. Be3 O-O 10. Qd2 a5 11. a4 Be6 12. O-O Nd7 13. Bd4 Bxd4 14. Qxd4 Nc5 15. Bd1 Qb6 16. Nb5 Bd7 17. b3 Bc6 18. Bc2 Rfc8 19. h4 Bxb5 20. axb5 e5 21. Qe3 Qd8 22. Rfd1 Ne6 23. h5 Nd4 24. Ra2 Qf6 25. Rda1 b6 26. Qd3 Rab8 27. hxg6 hxg6 28. Ra4 Kg7 29. b4 Qh4 30. Bd1 Rh8 31. Qh3 Qxe4 32. Qe3 Qh4 33. Qh3 Qf6 34. Qg3 Rh6 35. bxa5 Rbh8 36. f3 e4 37. f4 Nf5 0-1

[Event "FIDE World Cup O12-A 2024"]
[Site "Batumi"]
[Date "2024.06.23"]
[Round "1.7"]
[White "Bulgak, Damir"]
[Black "Nanayakkara, Sanuk"]
[Result "1-0"]
[ECO "B36"]
[WhiteElo "1931"]
[BlackElo "1714"]
[Annotator "NA RC"]
[PlyCount "123"]
[EventDate "2024.06.23"]
[EventType "swiss"]
[EventCountry "GEO"]
[SourceTitle "playchess.com"]
[Source "ChessBase"]
[SourceQuality "1"]
[TimeControl "5400+30"]

1. e4 c5 2. Nf3 Nc6 3. d4 cxd4 4. Nxd4 g6 5. c4 Nf6 6. Nc3 Nxd4 7. Qxd4 d6 8. Be3 Bg7 9. Be2 O-O 10. Qd3 Be6 11. O-O Qa5 12. Rac1 Rfc8 13. b3 Nd7 14. Bd2 Ne5 15. Qg3 Nc6 16. f4 Nd4 17. Qd3 f5 18. Kh1 fxe4 19. Qxe4 Bf5 20. Qe3 Nc2 21. Qf3 Nd4 22. Qf2 Nc2 23. g4 Bxc3 24. Bxc3 Qxc3 25. gxf5 Qd2 26. Bf3 Qxf2 27. Rxf2 Nb4 28. Rg1 Rab8 29. fxg6 hxg6 30. Rxg6+ Kf7 31. f5 Rc5 32. Be4 Re5 33. Re2 Kf8 34. a3 Nc6 35. Bd5 Rxd5 36. cxd5 Ne5 37. Re6 Rc8 38. f6 exf6 39. Rxf6+ Ke7 40. Re6+ Kd7 41. Rg2 Rc1+ 42. Rg1 Rxg1+ 43. Kxg1 Nf3+ 44. Kf2 Nd4 45. Rg6 Nxb3 46. Rg7+ Kc8 47. h4 Nd4 48. Rf7 Nb3 49. Ke3 Na5 50. Rf4 Nb3 51. h5 Nc5 52. h6 Nd7 53. h7 Ne5 54. h8=Q+ Kc7 55. Kd4 Kb6 56. Qd8+ Kb5 57. Qxd6 Nc4 58. Qb4+ Ka6 59. a4 Nd6 60. Qxd6+ b6 61. Qd7 b5 62. Qxb5# 1-0

[Event "FIDE World Cup O12-A 2024"]
[Site "Batumi"]
[Date "2024.06.23"]
[Round "1.8"]
[White "Berdashkevich, Makar"]
[Black "Kleschevnikov, Arseny"]
[Result "1/2-1/2"]
[ECO "B55"]
[WhiteElo "1650"]
[BlackElo "1895"]
[Annotator "NA RC"]
[PlyCount "114"]
[EventDate "2024.06.23"]
[EventType "swiss"]
[EventCountry "GEO"]
[SourceTitle "playchess.com"]
[Source "ChessBase"]
[SourceQuality "1"]
[TimeControl "5400+30"]

1. e4 c5 2. Nf3 d6 3. d4 cxd4 4. Nxd4 Nf6 5. f3 e5 6. Nb3 d5 7. Bg5 Be6 8. Bxf6 gxf6 9. exd5 Qxd5 10. Qxd5 Bxd5 11. Nc3 Be6 12. O-O-O Nc6 13. Bb5 Rc8 14. Ne4 Ke7 15. c3 b6 16. Kb1 h5 17. Rhe1 Bh6 18. Nc1 f5 19. Nd6 Rc7 20. Bc4 Rd7 21. Bxe6 fxe6 22. Nc4 Rxd1 23. Rxd1 Rg8 24. g3 h4 25. Ne2 b5 26. Na3 a6 27. Nc2 Bg5 28. Ne1 hxg3 29. hxg3 Be3 30. Kc2 Rh8 31. b3 Rh2 32. Kd3 Bg5 33. f4 e4+ 34. Ke3 Ne5 35. fxg5 Ng4+ 36. Kd2 e3+ 37. Kd3 Nf2+ 38. Kc2 Ne4 39. Kd3 Rxe2 40. Kxe2 Nxc3+ 41. Kxe3 Nxd1+ 42. Kd4 Nf2 43. Ke5 Ne4 44. g4 Nxg5 45. gxf5 Nf7+ 46. Kf4 exf5 47. Kxf5 Kd6 48. Ke4 Nd8 49. b4 Nc6 50. Nd3 a5 51. bxa5 Nxa5 52. Kd4 Nc6+ 53. Kc3 Kc7 54. a4 bxa4 55. Nc5 a3 56. Kb3 Kb6 57. Kxa3 Kxc5 1/2-1/2

[Event "FIDE World Cup O12-A 2024"]
[Site "Batumi"]
[Date "2024.06.23"]
[Round "1.9"]
[White "Li, Yiheng"]
[Black "Diasamidze, Rati"]
[Result "1/2-1/2"]
[ECO "C55"]
[WhiteElo "1886"]
[BlackElo "1646"]
[Annotator "NA RC"]
[PlyCount "99"]
[EventDate "2024.06.23"]
[EventType "swiss"]
[EventCountry "GEO"]
[SourceTitle "playchess.com"]
[Source "ChessBase"]
[SourceQuality "1"]
[TimeControl "5400+30"]

1. e4 e5 2. Nf3 Nc6 3. Bc4 Nf6 4. d3 Be7 5. O-O d6 6. a4 O-O 7. Re1 Bg4 8. c3 d5 9. exd5 Nxd5 10. h3 Bh5 11. g4 Bg6 12. Nxe5 Nxe5 13. Rxe5 Nb6 14. Re1 Bd6 15. Be3 Nxc4 16. dxc4 b6 17. Qd5 Kh8 18. Qg2 f5 19. f3 Re8 20. Bf2 Rxe1+ 21. Bxe1 Bc5+ 22. Bf2 Qd1+ 23. Qf1 Qxf3 24. Bxc5 Qxf1+ 25. Kxf1 bxc5 26. Nd2 Rb8 27. b3 h6 28. Re1 fxg4 29. hxg4 Bc2 30. Re5 Bxb3 31. Nxb3 Rxb3 32. Rxc5 Rxc3 33. Rxc7 a5 34. Rc5 g6 35. Ke2 Kg7 36. Kd2 Rg3 37. Rxa5 Rxg4 38. Rc5 h5 39. a5 h4 40. Rc7+ Kh6 41. a6 h3 42. Rc8 Rg2+ 43. Ke3 Ra2 44. Rh8+ Kg7 45. Rh4 Rxa6 46. Kf3 Ra3+ 47. Kg4 Rc3 48. Rxh3 Rxc4+ 49. Kg5 Rc5+ 50. Kg4 1/2-1/2

[Event "FIDE World Cup O12-A 2024"]
[Site "Batumi"]
[Date "2024.06.23"]
[Round "1.10"]
[White "Todua, Andria"]
[Black "Yang, ZiLong"]
[Result "0-1"]
[ECO "B48"]
[WhiteElo "1599"]
[BlackElo "1874"]
[Annotator "NA RC"]
[PlyCount "82"]
[EventDate "2024.06.23"]
[EventType "swiss"]
[EventCountry "GEO"]
[SourceTitle "playchess.com"]
[Source "ChessBase"]
[SourceQuality "1"]
[TimeControl "5400+30"]

1. e4 c5 2. Nf3 e6 3. d4 cxd4 4. Nxd4 Nc6 5. Nc3 Qc7 6. Be3 a6 7. a3 b5 8. f4 Bb7 9. Be2 Nf6 10. e5 Nxd4 11. Qxd4 Nd5 12. Nxd5 Bxd5 13. O-O Qxc2 14. Bf3 Bxf3 15. Rxf3 Rc8 16. Rf2 Qc6 17. Rd2 Qb7 18. Qd3 Be7 19. a4 Bb4 20. Rdd1 bxa4 21. Rxa4 a5 22. Bd2 Qb6+ 23. Kh1 O-O 24. Bxb4 axb4 25. Ra6 Qc5 26. Rd6 Qf2 27. Qd2 Rc2 28. Qxf2 Rxf2 29. b3 Rxf4 30. Rxd7 Re4 31. R7d4 Rxe5 32. Rxb4 h5 33. h3 Rc8 34. Rb7 Rf5 35. Rd2 h4 36. Rd4 g5 37. Kh2 Rc1 38. Rg4 Rff1 39. Rxg5+ Kf8 40. Rb8+ Ke7 41. Rb7+ Kf6 0-1

[Event "FIDE World Cup O12-A 2024"]
[Site "Batumi"]
[Date "2024.06.23"]
[Round "1.11"]
[White "Mamikonyan, Artem T"]
[Black "Tavberidze, Alexandre"]
[Result "1-0"]
[ECO "B10"]
[WhiteElo "1855"]
[BlackElo "1529"]
[Annotator "NA RC"]
[PlyCount "157"]
[EventDate "2024.06.23"]
[EventType "swiss"]
[EventCountry "GEO"]
[SourceTitle "playchess.com"]
[Source "ChessBase"]
[SourceQuality "1"]
[TimeControl "5400+30"]

1. e4 c6 2. Nf3 d5 3. d3 dxe4 4. dxe4 Qxd1+ 5. Kxd1 Bg4 6. Be2 e6 7. Nbd2 Bc5 8. Ne1 Bxe2+ 9. Kxe2 Nd7 10. Nd3 Bb6 11. Nc4 Bc7 12. Be3 Ngf6 13. f3 O-O 14. Rad1 Nb6 15. Na5 Rab8 16. Nc5 Nc8 17. Naxb7 Re8 18. b3 Bb6 19. Nd6 Nxd6 20. Rxd6 Rbc8 21. Rhd1 h6 22. c4 Red8 23. Rxd8+ Rxd8 24. Rxd8+ Bxd8 25. Nb7 Bb6 26. Bxb6 axb6 27. a4 Kf8 28. c5 Nd7 29. cxb6 Nxb6 30. a5 Nc8 31. Nd8 Na7 32. Kd3 Ke7 33. Nb7 Kd7 34. Kc4 Kc7 35. Nc5 Nb5 36. Nd3 f6 37. Kc5 e5 38. f4 exf4 39. Nxf4 Kb7 40. Ne6 Nc3 41. Nxg7 Nxe4+ 42. Kb4 Ka6 43. Ne6 Nf2 44. Nc5+ Ka7 45. Nd7 f5 46. Ne5 Kb7 47. Nf7 h5 48. Nd6+ Ka6 49. Nxf5 Nd3+ 50. Kc3 Nf4 51. g3 Nd5+ 52. Kc4 Kxa5 53. Ng7 Nf6 54. Kc5 Ng4 55. h4 Nf6 56. b4+ Ka4 57. Kc4 Ka3 58. Kc5 Kb3 59. Nf5 Ne4+ 60. Kxc6 Kxb4 61. Kd5 Nf2 62. Ng7 Kc3 63. Nxh5 Kd3 64. Ke5 Ke3 65. Kf5 Kf3 66. Kg6 Ng4 67. Kg5 Nf2 68. Nf6 Kxg3 69. h5 Nh3+ 70. Kf5 Kh4 71. h6 Ng5 72. Kg6 Ne6 73. Nd7 Ng5 74. Nc5 Kg4 75. Ne4 Ne6 76. Kf7 Nd8+ 77. Kg8 Nc6 78. h7 Ne7+ 79. Kf7 1-0